 Dungeon Crawl Stone Soup version 0.31.0-9-g3a7656b989 (webtiles) character file.

Game seed: 15141937716957263508

0 Salticid the Chiller (level 1, -5/14 HPs)
             Began as a Draconian Ice Elementalist on Feb 1, 2024.
             Slain by a gnoll
             ... wielding a +0 spear
              (7 damage)
             ... on level 1 of the Dungeon.
             The game lasted 00:00:24 (40 turns).

Salticid the Chiller (Draconian Ice Elementalist)     Turns: 40, Time: 00:00:25

Health: -5/14      AC:  4    Str: 10    XL:     1   Next: 8%
Magic:  2/3        EV: 12    Int: 15    God:
Gold:   10         SH:  0    Dex: 11    Spells: 3/4 levels left

rFire   . . .        (no weapon)
rCold   . . .        (no shield)
rNeg    . . .        (body armour unavailable)
rPois   .            (helmet restricted)
rElec   .            (no cloak)
rCorr   .            (no gloves)
SInv    .            (no boots)
Will    .....        (no amulet)
Stlth   ++           (no ring)
HPRegen 0.22/turn    (no ring)
MPRegen 0.08/turn

%: no passive effects
@: no status effects
A: AC +4, unfitting armour, cold-blooded
a: no special abilities


You were on level 1 of the Dungeon.
You visited 1 branch of the dungeon, and saw 1 of its levels.

You collected 10 gold pieces.

You aren't carrying anything.


   Skills:
 + Level 0.2 Fighting
 - Level 1.7 Dodging
 - Level 1.7 Stealth
 - Level 2.0 Spellcasting
 - Level 4.0 Ice Magic


You had 3 spell levels left.
You knew the following spells:

 Your Spells              Type           Power      Damage    Failure   Level
a - Freeze                Ice            52%        1d6       4%          1

Your spell library contained the following spells:

 Spells                   Type           Power      Damage    Failure   Level
 Frozen Ramparts          Ice            26%        1d4       13%         3
 Ozocubu's Armour         Ice            13%        N/A       13%         3
 Summon Ice Beast         Ice/Summ       7%         N/A       28%         3


Dungeon Overview and Level Annotations

Branches:
Dungeon (1/15)

Altars:


Innate Abilities, Weirdness & Mutations

Your plain brown scales are hard. (AC +4)
You cannot fit into any form of body armour.
You are cold-blooded and may be slowed by cold attacks.


Message History

Welcome, Salticid the Draconian Ice Elementalist.
Below lies the Orb of Zot, rumoured to be powerful enough to resurrect a god...
Press ? for a list of commands and other information.
Found 10 gold pieces.
Found a staircase leading out of the dungeon.
You now have 10 gold pieces.
Found a stone staircase leading down.
A ball python comes into view.
Unknown command.
The ball python hisses angrily.
You hear a shout!
A gnoll comes into view. It is wielding a +0 spear.
Found a scroll labelled LOYKLOHOURCH.
The gnoll shouts!
The ball python bites you but does no damage.
The ball python grabs you. The ball python constricts you.
You freeze the ball python.
You kill the ball python!
The gnoll hits you with a +0 spear.
You see here a ball python corpse.
You freeze the gnoll.
The gnoll is lightly wounded.
The gnoll hits you with a +0 spear.
You freeze the gnoll.
The gnoll is lightly wounded.
The gnoll misses you.
You hit the gnoll but do no damage.
Your tail-slap misses the gnoll.
The gnoll is lightly wounded.
The gnoll hits you with a +0 spear!
Ouch! That really hurt!
* * * LOW HITPOINT WARNING * * *
Magic courses through your body. The gnoll completely misses you.
Aiming: Freeze (safe; 4% risk of failure)
Press: ? - help, Q - select action Shift-Dir - straight line, f/p - gnoll
Aim: a gnoll, wielding a +0 spear (lightly wounded)
You freeze the gnoll.
The gnoll is moderately wounded.
The gnoll hits you with a +0 spear!
Ouch! That really hurt!
You die...

..#. #.# .#.##.#
...... # #....#
.. #.#..... .#
#......##.#
#...g##.# #.@##.#
# #####..##.##.#
..............#
##...#.##.$##.#
#?..#. #..# #..
#.##..#
#...#.....####...
#..............#
##.....##.#######


You could see a gnoll.

Vanquished Creatures
  A ball python (D:1)
1 creature vanquished.

Notes
Turn   | Place    | Note
-------+----------+-------------------------------------------
     0 | D:1      | Salticid the Draconian Ice Elementalist began the quest for
                  | the Orb.
     0 | D:1      | Reached XP level 1. HP: 14/14 MP: 3/3
    40 | D:1      | Slain by a gnoll

Illustrated notes

Levels and vault maps discovered:
D:1:      lemuel_arrival_river_bridge, layout_basic, corner_web_ring,
          minmay_split_cup_large

Action                     || total
---------------------------++-------
  Melee: Unarmed           ||     1
   Cast: Freeze            ||     4
    Use: Potion            ||     1
 Armour: Skin              ||     5
  Dodge: Dodged            ||     2
